 Dungeon Crawl Stone Soup version 0.24-a0-537-g2d01d4ab0a (webtiles) character file.

Game seed: 13671582041856030906

26113 Arang the Brawler (level 13, 0/110 HPs)
             Began as a Ghoul Monk on Aug 14, 2019.
             Was a High Priest of Okawaru.
             Slain by an Executioner (3 damage)
             ... on level 2 of the Abyss.
             The game lasted 00:57:14 (15830 turns).

Arang the Brawler (Ghoul Monk)                     Turns: 15830, Time: 00:57:15

Health: 0/110      AC: 24    Str: 23 (24) XL:     13   Next: 23%
Magic:  10/16      EV: 12    Int:  9      God:    Okawaru [*****.]
Gold:   649        SH:  0    Dex: 14      Spells: 10/12 levels left

rFire    . . .     SeeInvis +     - Unarmed
rCold    + . .     Gourm    .   (no shield)
rNeg     + + +     Faith    .   Q - quicksilver dragon scales
rPois    ∞         Spirit   .   K - +2 helmet
rElec    .         Reflect  .   r - +2 cloak
rCorr    .         Harm     .   V - +0 pair of gloves of the Game Afoot {Str+4}
MR       +....                  M - +1 pair of boots {Fly}
Stlth    +.........             (no amulet)
HPRegen  0.00/turn              x - ring of see invisible
MPRegen  0.15/turn              U - ring of Faxemaifynn {Str+4 Dex+3}

@: finesse, flying, rotting, slowed, very slow
A: rotting body, claws 1, carnivore, cold resistance 1, negative energy
resistance 3, inhibited regeneration, torment resistance, unbreathing
a: Heroism, Finesse, Renounce Religion, Stop Flying


You were on level 2 of the Abyss.
You worshipped Okawaru.
Okawaru was extremely pleased with you.
You were not hungry.

You visited 2 branches of the dungeon, and saw 14 of its levels.
You visited the Abyss 2 times.
You also visited: Bailey and Gauntlet.

You collected 834 gold pieces.
You spent 185 gold pieces at shops.

Inventory:

Hand Weapons
 o - a +3 dagger of venom
 S - the +8 trident "Ojizxoba" {venom, +Inv MP-9 Str+4 SInv}
   (You found it in a Gauntlet)

   It poisons the flesh of those it strikes.
   It affects your strength (+4).
   It affects your magic capacity (-9).
   It lets you see invisible.
   It lets you turn invisible.
Missiles
 h - 23 javelins (quivered)
 C - 55 poisoned darts
 J - a throwing net
 R - 7 boomerangs of dispersal
Armour
 r - a +2 cloak (worn)
 u - a +0 pair of gloves of archery
 K - a +2 helmet (worn)
 M - a +1 pair of boots of flying (worn)
 N - a +3 chain mail of fire resistance
 Q - quicksilver dragon scales (worn)
 V - the +0 pair of gloves of the Game Afoot (worn) {Str+4}
   (You found it in a Gauntlet)

   It affects your strength (+4).
Jewellery
 a - an uncursed ring of fire
 i - an uncursed ring of wizardry
 k - an uncursed ring of ice
 x - a ring of see invisible (left hand)
 A - the ring "Taxeaska" {+Fly rPois Dex+4}
   (You found it in a Gauntlet)

   [ring of dexterity]

   It affects your dexterity (+4).
   It protects you from poison.
   It lets you fly.
 I - a +2 ring of evasion
 U - the ring of Faxemaifynn (right hand) {Str+4 Dex+3}
   (You found it in a Gauntlet)

   [ring of strength]

   It affects your strength (+4).
   It affects your dexterity (+3).
Wands
 d - a wand of flame (1)
 f - a wand of polymorph (11)
 y - a wand of random effects (17)
 z - a wand of paralysis (8)
 D - a wand of iceblast (18)
 G - a wand of digging (5)
Scrolls
 e - a scroll of noise
 j - a scroll of immolation
 l - 2 scrolls of amnesia
 n - 2 scrolls of remove curse
 s - 2 scrolls of magic mapping
 v - 2 scrolls of enchant armour
 E - a scroll of enchant weapon
 O - 2 scrolls of fog
Potions
 c - a potion of flight
 m - 3 potions of curing
 p - 3 potions of brilliance
 q - a potion of resistance
 t - 2 potions of cancellation
 w - a potion of ambrosia
 B - 4 potions of heal wounds
 F - 2 potions of agility
 H - a potion of haste
 L - 2 potions of might
 W - a potion of lignification {unknown}
Comestibles
 b - 18 rations


   Skills:
 * Level 8.9 Fighting
 - Level 0.1 Throwing
 + Level 11.0 Armour
 - Level 2.6 Dodging
 - Level 2.1 Stealth
 + Level 16.5 Unarmed Combat
 * Level 6.6 Invocations


You had 10 spell levels left.
You knew the following spells:

 Your Spells              Type           Power        Failure   Level  Hunger
a - Blink                 Tloc           N/A          65%         2    ###....

Your spell library contained the following spells:

 Spells                   Type           Power        Failure   Level  Hunger
 Animate Skeleton         Necr           N/A          50%         1    ##.....
 Apportation              Tloc           #.....       50%         1    ##.....
 Infusion                 Chrm           #...         50%         1    ##.....
 Pain                     Necr           #...         50%         1    ##.....
 Shroud of Golubria       Chrm/Tloc      #.....       65%         2    ###....
 Song of Slaying          Chrm           #.......     65%         2    ###....
 Gell's Gravitas          Tloc           #.........   86%         3    ####...
 Portal Projectile        Hex/Tloc       #.....       86%         3    ####...
 Regeneration             Chrm/Necr      #.........   86%         3    ####...
 Spectral Weapon          Hex/Chrm       #.......     86%         3    ####...
 Vampiric Draining        Necr           #.........   86%         3    ####...
 Animate Dead             Necr           N/A          99%         4    #####..
 Passage of Golubria      Tloc           N/A          99%         4    #####..


Dungeon Overview and Level Annotations

Branches:
Dungeon (13/15)            Temple (1/1) D:4            Lair (0/6) D:8
    Orc (0/2) D:9
 Vaults: D:13-14

Altars:
Ashenzari
Cheibriados
Dithmenos
Elyvilon
Fedhas
Gozag
Hepliaklqana
Kikubaaqudgha
Makhleb
Nemelex Xobeh
Okawaru
Qazlal
Ru
Sif Muna
Trog
Uskayaw
Vehumet
Wu Jian
Xom
Yredelemnul
Zin
The Shining One
Beogh

Shops:
D:4 ?   D:6 *   D:9 (   D:10 ?

Annotations:
D:3 exclusion: downstairs
D:5 exclusion: downstairs
D:8 exclusion: 2 downstairs


Innate Abilities, Weirdness & Mutations

Your body is rotting away.
You thrive on raw meat.
You are immune to poison.
You have sharp fingernails.
You are carnivorous and can eat meat at any time.
Your flesh is cold resistant. (rC+)
You are immune to negative energy. (rN+++)
You do not regenerate when monsters are visible.
You are immune to unholy pain and torment.
You can survive without breathing.


Message History

The Executioner hits you! The Executioner barely misses you.
The Executioner closely misses you. The Executioner barely misses you.
The Executioner hits you but does no damage.
The Executioner barely misses you. The eidolon hits you!
* * * LOW HITPOINT WARNING * * *
The eidolon drains your vigour!
You feel as though you will be slow longer.
The eidolon hits you but does no damage.
The Executioner hits you but does no damage. x2
The Executioner hits you.
* * * LOW HITPOINT WARNING * * *
The Executioner hits you!
* * * LOW HITPOINT WARNING * * *
The Executioner hits you but does no damage.
The Executioner completely misses you. The Executioner barely misses you.
The Executioner hits you.
* * * LOW HITPOINT WARNING * * *
The Executioner hits you but does no damage. x2
The Executioner hits you.
You die...

.. .# #.
..##.##. ##
###.# ... #.#
#..... .# #.#
...#...
#..##....###.#
#
##..#..##..#.##
##.....#..... .
# ###.@#.......
# ##. ###1.#.#
###...
#....#...# . .
.#......### .
..##.#.## # #
.#. ..##. #
...#.##...#. .
... .#..#...
#..# . .# ..


You could see an Executioner.

Vanquished Creatures
  A tentacled starspawn (Gauntlet)
  A minotaur (Gauntlet)
  Josephine (D:10)
  Harold (D:8)
  2 two-headed ogres
  A vampire mage (Abyss:2)
  4 thrashing horrors
  3 sixfirhies (Abyss:2)
  2 wretched stars (Gauntlet)
  An unseen horror (D:10)
  4 starcursed masses (D:12)
  An unseen horror (shapeshifter) (D:11)
  A glowing orange brain (Abyss:2)
  A large abomination (Abyss:2)
  A manticore (D:11)
  Joseph (D:8)
  A gargoyle (D:11)
  3 kobold demonologists
  An ice devil (Gauntlet)
  4 trolls
  2 hornets
  Prince Ribbit (D:7)
  3 hippogriffs
  5 raiju
  5 flying skulls (Gauntlet)
  5 wraiths (D:10)
  Sigmund (D:2)
  A shadow (D:11)
  A ynoxinul (Abyss:2)
  7 yaks
  A wyvern (D:10)
  6 humans
  Grum (D:8)
  A hungry ghost (D:12)
  4 neqoxecs
  A water moccasin (D:9)
  A hell hound (Abyss:2)
  4 ice beasts
  2 sky beasts
  5 orc warriors
  2 black bears
  A hornet zombie (D:8)
  4 phantoms
  2 necrophages
  10 ogres
  2 small abominations
  2 wolves (D:8)
  5 centaurs
  3 big kobolds
  10 bullfrogs
  A wyvern zombie (D:6)
  4 scorpions
  6 wights
  4 howler monkeys
  4 crimson imps
  4 centaur zombies
  A bullfrog zombie (D:9)
  5 hounds
  A jelly (D:12)
  Crazy Yiuf (D:2)
  4 bullfrog skeletons
  7 orc priests
  7 orc wizards
  3 centaur skeletons
  7 iguanas
  6 worker ants
  A killer bee zombie (D:7)
  2 hound skeletons
  2 worker ant zombies
  2 gnolls (D:8)
  8 adders
  3 shadow imps
  3 white imps (Gauntlet)
  An ufetubus (Abyss:2)
  3 oozes
  2 adder zombies
  4 worms
  3 dart slugs
  7 leopard geckos
  73 orcs
  3 ball pythons
  5 giant cockroaches
  11 goblins
  9 hobgoblins
  4 jackals
  40 kobolds
  8 quokkas
  12 bats
  7 frilled lizards
  A leopard gecko skeleton (D:5)
  A quokka zombie (D:7)
  9 rats
  A starspawn tentacle (Gauntlet)
423 creatures vanquished.

Vanquished Creatures (others)
  A human zombie (Abyss:2)
  9 starspawn tentacles
  3 withered plants (Gauntlet)
13 creatures vanquished.

Grand Total: 436 creatures vanquished

Notes
Turn   | Place    | Note
-------+----------+-------------------------------------------
     0 | D:1      | Arang the Ghoul Monk began the quest for the Orb.
     0 | D:1      | Reached XP level 1. HP: 19/19 MP: 0/0
   150 | D:1      | Reached XP level 2. HP: 26/26 MP: 1/1
   326 | D:1      | Reached XP level 3. HP: 18/33 MP: 2/2
   452 | D:1      | Reached skill level 1 in Armour
   604 | D:2      | Found a glowing golden altar of the Shining One.
   608 | D:2      | Reached skill level 4 in Unarmed Combat
   704 | D:2      | Reached XP level 4. HP: 16/40 MP: 3/3
   860 | D:2      | Reached XP level 5. HP: 46/46 MP: 4/4
   938 | D:2      | Reached skill level 5 in Unarmed Combat
  1224 | D:2      | Noticed Sigmund
  1235 | D:2      | Killed Sigmund
  1235 | D:2      | Reached XP level 6. HP: 49/52 MP: 5/5
  1374 | D:2      | Found a sparkling altar of Nemelex Xobeh.
  1517 | D:2      | Found a snail-covered altar of Cheibriados.
  1630 | D:2      | Found a runed translucent door.
  1631 | D:2      | Noticed Crazy Yiuf
  1685 | D:2      | Killed Crazy Yiuf
  1685 | D:2      | Reached skill level 6 in Unarmed Combat
  2286 | D:3      | Reached XP level 7. HP: 58/59 MP: 6/6
  2616 | D:3      | Found a hazy altar of Hepliaklqana.
  3272 | D:4      | Reached skill level 7 in Unarmed Combat
  3274 | D:4      | Found a staircase to the Ecumenical Temple.
  3297 | Temple   | Entered the Ecumenical Temple
  3408 | D:4      | Reached XP level 8. HP: 57/67 MP: 7/7
  3514 | D:4      | Found Onnyhuaqo's Magic Scroll Shoppe.
  3517 | D:4      | Bought a scroll of magic mapping for 35 gold pieces
  3517 | D:4      | Bought a scroll of teleportation for 30 gold pieces
  3530 | D:4      | Found an ornate altar of the Wu Jian Council.
  3657 | D:4      | Reached skill level 5 in Armour
  3657 | D:4      | Reached skill level 8 in Unarmed Combat
  3834 | D:4      | You fall into a shaft and drop 1 floor!
  3834 | D:5      | Entered Level 5 of the Dungeon
  4012 | D:5      | Found a glowing silver altar of Zin.
  4317 | D:5      | Found a burning altar of Makhleb.
  4318 | D:5      | Found a radiant altar of Vehumet.
  4412 | D:5      | Reached skill level 9 in Unarmed Combat
  4489 | D:5      | Found a shadowy altar of Dithmenos.
  4881 | D:6      | Noticed a troll
  5158 | D:6      | Reached XP level 9. HP: 55/71 MP: 8/8
  5230 | D:6      | Found a bloodstained altar of Trog.
  5380 | D:5      | Reached skill level 5 in Fighting
  5894 | D:6      | Killed a troll
  5933 | D:6      | Found Awuvijeg's Assorted Antiques.
  6057 | D:6      | Reached skill level 10 in Unarmed Combat
  6980 | D:7      | Noticed a hornet
  6992 | D:7      | Killed a hornet
  7531 | D:7      | Noticed Prince Ribbit
  7841 | D:7      | Killed Prince Ribbit
  7841 | D:7      | Reached XP level 10. HP: 48/81 MP: 9/9
  8003 | D:7      | Reached skill level 11 in Unarmed Combat
  8310 | D:8      | Found a staircase to the Lair.
  8342 | D:8      | Noticed Joseph
  8412 | D:8      | Killed Joseph
  8766 | D:8      | Noticed Harold
  8797 | D:8      | Killed Harold
  8797 | D:8      | Reached skill level 12 in Unarmed Combat
  8811 | D:8      | Noticed Grum
  8871 | D:8      | Killed Grum
  9042 | D:8      | Reached XP level 11. HP: 87/89 MP: 10/10
  9230 | D:8      | Found an iron altar of Okawaru.
  9249 | D:8      | Became a worshipper of Warmaster Okawaru
  9249 | D:8      | Reached * piety under Okawaru
  9249 | D:8      | Reached ** piety under Okawaru
  9584 | D:9      | Noticed a two-headed ogre
  9738 | D:9      | Reached skill level 10 in Armour
  9804 | D:9      | Found a staircase to the Orcish Mines.
  9808 | D:9      | Found an opulent altar of Gozag.
  9808 | D:9      | Found a hide-covered altar of Uskayaw.
 10159 | D:9      | Reached skill level 1 in Invocations
 10230 | D:9      | Cast into level 1 of the Abyss (orc)
 10262 | Abyss:1  | Reached skill level 13 in Unarmed Combat
 10316 | Abyss:1  | Noticed a cyan very ugly thing
 10336 | Abyss:2  | Got an ancient great mace
 10383 | Abyss:2  | Noticed a sixfirhy
 10403 | Abyss:2  | Killed a sixfirhy
 10403 | Abyss:2  | Reached *** piety under Okawaru
 10454 | Abyss:2  | Noticed a tentacled starspawn
 10461 | Abyss:2  | Noticed a large abomination
 10469 | Abyss:2  | Noticed a tentacled starspawn
 10503 | Abyss:2  | Found a corrupted altar of Lugonu.
 10513 | Abyss:2  | Fell from the grace of Okawaru
 10513 | Abyss:2  | Became a worshipper of Lugonu the Unformed
 10513 | Abyss:2  | Reached * piety under Lugonu
 10514 | D:9      | Escaped the Abyss
 10569 | D:9      | Found a roughly hewn altar of Beogh.
 10706 | D:8      | Fell from the grace of Lugonu
 10706 | D:8      | Became a worshipper of Warmaster Okawaru
 10863 | D:9      | Found Kiamn's Antique Weapon Emporium.
 10866 | D:9      | Noticed a fire giant
 10875 | D:9      | Found a shimmering altar of Xom.
 10878 | D:9      | Found a shimmering altar of Xom.
 10878 | D:9      | Found a shimmering altar of Xom.
 10879 | D:9      | Found a shimmering altar of Xom.
 11137 | D:9      | Killed a two-headed ogre
 11214 | D:9      | Noticed a frost giant
 11214 | D:9      | a fire giant changed into a frost giant
 11263 | D:10     | Entered Level 10 of the Dungeon
 11303 | D:10     | Noticed an unseen horror
 11305 | D:10     | Noticed Josephine
 11316 | D:10     | Killed an unseen horror
 11322 | D:10     | Reached skill level 14 in Unarmed Combat
 11337 | D:10     | Killed Josephine
 11412 | D:10     | Found Yfirhyek's Magic Scroll Emporium.
 11415 | D:10     | Bought a scroll of blinking for 120 gold pieces
 11417 | D:10     | Identified the +2 great mace "Docopis" {protect, *Drain
                  | rN++ Dex+4} (You found it on level 2 of the Abyss)
 11468 | D:10     | Reached XP level 12. HP: 87/100 MP: 13/13
 11483 | D:10     | Noticed a thrashing horror
 11579 | D:10     | Killed a thrashing horror
 11615 | D:10     | Noticed a two-headed ogre
 11636 | D:10     | Killed a two-headed ogre
 11836 | D:10     | You fall into a shaft and drop 2 floors!
 11836 | D:12     | Found a flagged portal.
 11856 | Bailey   | Entered a bailey
 11862 | D:12     | Found a gate leading to a gauntlet.
 11877 | Gauntlet | Entered a Gauntlet
 11877 | Gauntlet | Found a transporter.
 11886 | Gauntlet | Found a transporter.
 11901 | Gauntlet | Found a transporter.
 11906 | Gauntlet | Found a transporter.
 11921 | Gauntlet | Found a transporter.
 11940 | Gauntlet | Found a transporter.
 11949 | Gauntlet | Found a transporter.
 11957 | Gauntlet | Noticed a wretched star
 11960 | Gauntlet | Noticed a wretched star
 11976 | Gauntlet | Killed a wretched star
 11984 | Gauntlet | Found a large runed translucent door.
 11985 | Gauntlet | Found a large runed translucent door.
 11986 | Gauntlet | Found a large runed translucent door.
 11986 | Gauntlet | Found a large runed translucent door.
 11987 | Gauntlet | Found a runed translucent gate.
 11988 | Gauntlet | Found a transporter.
 11988 | Gauntlet | Found a runed translucent gate.
 11989 | Gauntlet | Found a runed translucent gate.
 11990 | Gauntlet | Found a large runed translucent door.
 11990 | Gauntlet | Found a large runed translucent door.
 11990 | Gauntlet | Found a runed translucent door.
 11990 | Gauntlet | Found a runed translucent door.
 11991 | Gauntlet | Found a large runed translucent door.
 11992 | Gauntlet | Found a large runed translucent door.
 11994 | Gauntlet | Found a transporter.
 11999 | Gauntlet | Found a large runed translucent door.
 11999 | Gauntlet | Found a large runed translucent door.
 12000 | Gauntlet | Found a large runed translucent door.
 12001 | Gauntlet | Found a large runed translucent door.
 12009 | Gauntlet | Found a transporter.
 12009 | Gauntlet | Noticed a blizzard demon
 12011 | Gauntlet | Found a large runed translucent door.
 12011 | Gauntlet | Found a large runed translucent door.
 12012 | Gauntlet | Found a large runed translucent door.
 12013 | Gauntlet | Found a large runed translucent door.
 12015 | Gauntlet | Found a transporter.
 12030 | Gauntlet | Found a transporter.
 12030 | Gauntlet | Noticed a cacodemon
 12036 | Gauntlet | Found a transporter.
 12075 | Gauntlet | Found a transporter.
 12076 | Gauntlet | Noticed a tengu warrior
 12100 | Gauntlet | Found a transporter.
 12102 | Gauntlet | Found a transporter.
 12122 | Gauntlet | Found a transporter.
 12200 | Gauntlet | Found a transporter.
 12210 | Gauntlet | Noticed a tentacled starspawn
 12231 | Gauntlet | Killed a tentacled starspawn
 12556 | Gauntlet | Reached skill level 15 in Unarmed Combat
 13033 | Gauntlet | Killed a wretched star
 13040 | Gauntlet | Reached skill level 5 in Invocations
 13050 | Gauntlet | Noticed an entropy weaver
 13053 | Gauntlet | Noticed an ice dragon
 13067 | Gauntlet | Noticed a great orb of eyes
 13068 | Gauntlet | Noticed a dire elephant
 13069 | Gauntlet | a great orb of eyes changed into a wolf spider
 13073 | Gauntlet | Noticed a death yak
 13073 | Gauntlet | an entropy weaver changed into a death yak
 13077 | Gauntlet | Got a brightly glowing silver ring
 13081 | Gauntlet | Noticed a catoblepas
 13081 | Gauntlet | a slime creature changed into a catoblepas
 13082 | Gauntlet | Noticed a five-headed hydra
 13086 | Gauntlet | Noticed a ghost moth
 13086 | Gauntlet | a catoblepas changed into a ghost moth
 13095 | Gauntlet | Identified the ring "Taxeaska" {+Fly rPois Dex+4} (You
                  | found it in a Gauntlet)
 13097 | Gauntlet | Noticed an ettin
 13115 | Gauntlet | Noticed an entropy weaver
 13141 | Gauntlet | Identified the cursed +1 broad axe "Geamuz" {chop, Dex+3}
 13141 | Gauntlet | Noticed a minotaur
 13153 | Gauntlet | Killed a minotaur
 13175 | Gauntlet | Identified the Guide on Translocation
 13180 | Gauntlet | Got a twisted trident
 13183 | Gauntlet | Got a flickering silver ring
 13187 | Gauntlet | Identified the ring of Faxemaifynn {Str+4 Dex+3} (You found
                  | it in a Gauntlet)
 13195 | Gauntlet | Got a pair of fine gloves
 13201 | Gauntlet | Identified the cursed +0 pair of gloves of the Game Afoot
                  | {Str+4} (You found it in a Gauntlet)
 13236 | D:12     | Learned a level 2 spell: Blink
 13262 | D:12     | Identified the +8 trident "Ojizxoba" {venom, +Inv MP-9
                  | Str+4 SInv} (You found it in a Gauntlet)
 13389 | D:11     | Reached **** piety under Okawaru
 13637 | D:11     | Noticed a thrashing horror
 13637 | D:11     | Noticed a thrashing horror
 13650 | D:11     | Killed a thrashing horror
 13652 | D:11     | Killed a thrashing horror
 14729 | D:12     | Reached ***** piety under Okawaru
 14966 | D:12     | Reached skill level 16 in Unarmed Combat
 14966 | D:12     | Reached XP level 13. HP: 107/108 MP: 16/16
 15035 | D:12     | Noticed a starcursed mass
 15507 | D:13     | Cast into level 2 of the Abyss (Lugonu's touch)
 15790 | Abyss:2  | Noticed an Executioner
 15800 | Abyss:2  | Noticed an eidolon
 15812 | Abyss:2  | Noticed an Executioner
 15830 | Abyss:2  | HP: 3/110 [Executioner (4)]
 15830 | Abyss:2  | Slain by an Executioner

Levels and vault maps discovered:
D:1:      tarquinn_simple_flora_water_f, layout_rooms
D:2:      layout_loops_cross, lemuel_doored_altar,
          nemelex_xobeh_ov_fountains_minmay, nicolae_tso_swordbearing_angel,
          first_ration, uniq_crazy_yiuf_cottage, uniq_sigmund
D:3:      layout_loops_ring, lemuel_crystal_altar
D:4:      layout_rooms, nicolae_overflow_crystal_walls,
          minmay_temple_entry_arrows, serial_shops, nicolae_shop_behind_doors
D:5:      layout_loops_ring, grunt_temple_overflow_lords_of_destruction,
          overflow_temple_1_default, basic_altar
D:6:      layout_loops_ring, old_standard_altar, serial_shops,
          nicolae_shop_overgrown_old_shop
D:7:      layout_loops_ring, grunt_ogre_cave, uniq_prince_ribbit1
D:8:      kennysheep_kobold_camp, layout_loops_ring, okawaru_altar_gauntlet_db,
          lair_entry_dummy, minmay_ruffians, uniq_joseph, uniq_grum, uniq_harold
D:9:      layout_loops_corners, gammafunk_temple_overflow_elements, orc_0_dummy,
          serial_shops, shop_statue, special_room [special_room_orc],
          xom_shifter_show
D:10:     layout_rooms, serial_shops, kennysheep_mini_moat,
          hangedman_decor_clover_reticule, uniq_josephine
D:11:     layout_basic
D:12:     layout_basic, gauntlet_entry_generic, enter_bailey_2,
          hangedman_abyss_or_decor_slice
D:13:     layout_basic, erik_vaults_1, nicolae_twisting_strands,
          kennysheep_small_spiral
Temple:   cyrus_temple_forest
Abyss:2:  evilmike_abyss_exit_8

Skill      XL: |  1  2  3  4  5  6  7  8  9 10 11 12 13 |
---------------+----------------------------------------+-----
Armour         | 1 2 3 4 6 8 9 10 11 | 11.0
Unarmed Combat | 4 5 6 7 9 10 12 14 16 | 16.5
Fighting       | 4 5 7 8 |  8.9
Invocations    | 3 6 |  6.6
Throwing       | |  0.1
Dodging        | |  2.6
Stealth        | |  2.1

Action                   |  1- 3 |  4- 6 |  7- 9 | 10-12 | 13-15 || total
-------------------------+-------+-------+-------+-------+-------++-------
Melee: Unarmed           |   102 |   188 |   517 |   935 |    95 ||  1837
       Punch             |       |       |    10 |    35 |    11 ||    56
Throw: Boomerang         |       |       |     3 |       |       ||     3
       Dart              |       |       |       |    11 |       ||    11
       Javelin           |       |       |       |    17 |       ||    17
       Throwing net      |       |       |       |     1 |       ||     1
Invok: Heroism           |       |       |       |    12 |     3 ||    15
       Depart the Abyss  |       |       |       |     1 |       ||     1
       Finesse           |       |       |       |       |     3 ||     3
  Use: Scroll            |       |       |     6 |    23 |     1 ||    30
       Potion            |       |       |       |     6 |     1 ||     7
 Stab: Sleeping          |     1 |       |       |       |       ||     1
       Held in net/web   |       |       |       |     1 |       ||     1
       Distracted        |       |       |       |     1 |       ||     1
  Eat: Chunk             |    10 |    13 |    20 |    77 |     1 ||   121
       Ration            |       |       |     1 |       |       ||     1
Armor: Robe              |     7 |       |       |       |       ||     7
       Plate armour      |    51 |   114 |   300 |   104 |       ||   569
       Chain mail        |       |       |       |   258 |       ||   258
       Quicksilver drago |       |       |       |   103 |    62 ||   165
Dodge: Dodged            |    65 |    39 |   130 |   405 |    47 ||   686

Table legend:
 A = Non-vault XP
 B = Vault XP
 C = Vault XP percentage of total XP
 D = Non-vault monster count
 E = Vault monster count
 F = Vault count percentage of total count
                 A         B        C        D         E       F
            +---------+---------+-------+---------+---------+-------
      Total |   26982 |   10323 |  27.7 |     329 |      83 |  20.1
            +---------+---------+-------+---------+---------+-------
        D:1 |      41 |       0 |   0.0 |      25 |       0 |   0.0
        D:2 |     235 |     254 |  51.9 |      33 |       2 |   5.7
        D:3 |     297 |       0 |   0.0 |      39 |       0 |   0.0
        D:4 |     681 |       0 |   0.0 |      23 |       0 |   0.0
        D:5 |     762 |      48 |   5.9 |      19 |       1 |   5.0
        D:6 |    1006 |       0 |   0.0 |      14 |       0 |   0.0
        D:7 |    1292 |     996 |  43.5 |      17 |       5 |  22.7
        D:8 |    1161 |    2696 |  69.9 |      18 |      35 |  66.0
        D:9 |    2721 |      98 |   3.5 |      37 |      20 |  35.1
       D:10 |    4737 |    2135 |  31.1 |      38 |       6 |  13.6
       D:11 |    4555 |       0 |   0.0 |      32 |       0 |   0.0
       D:12 |    2352 |       0 |   0.0 |      17 |       0 |   0.0
    Abyss:1 |    1051 |       0 |   0.0 |       4 |       0 |   0.0
    Abyss:2 |    6091 |       0 |   0.0 |      13 |       0 |   0.0
   Gauntlet |       0 |    4096 | 100.0 |       0 |      14 | 100.0
            +---------+---------+-------+---------+---------+-------
